 Dungeon Crawl Stone Soup version 0.17-a0-1078-g243345b (webtiles) character file.

1517 RobertPalmer the Carver (level 8, -4/69 HPs)
             Began as a Naga Chaos Knight on May 19, 2015.
             Shot with a sling bullet by Joseph (13 damage)
             ... on level 7 of the Dungeon.
             The game lasted 00:12:10 (7601 turns).

RobertPalmer the Carver (Naga Chaos Knight)         Turns: 7601, Time: 00:12:10

Health: -4/69      AC:  6    Str: 20    XL:     8   Next: 83%
Magic:  8/8        EV:  8    Int: 14    God:    Xom [.*....]
Gold:   355        SH:  0    Dex: 10    Spells: 0 memorised, 7 levels left

rFire  + + .     SeeInvis +     a - +1 falchion (vamp) {!w}
rCold  . . .     Clarity  .     C - +1 ring mail {rN+}
rNeg   + . .     SustAb   .     (no shield)
rPois  +         Gourm    .     (no helmet)
rElec  .         Spirit   .     (no cloak)
rCorr  .         Warding  .     (no gloves)
rMut   .         Stasis   .     (no barding)
MR     +....                    (no amulet)
Stlth  ..........               q - ring of protection from fire {rF+, !d}
                                t - +4 ring of strength

@: drained, very slow, somewhat resistant to hostile enchantments, extremely
unstealthy
A: see invisible, deformed body, fire resistance 1, high mp 1, poison
resistance, slowness 2, slow metabolism 1, spit poison 2, AC +2
a: Spit Poison, Renounce Religion


You were on level 7 of the Dungeon.
You worshipped Xom.
You were a plaything of Xom.
You were not hungry.

You visited 1 branch of the dungeon, and saw 7 of its levels.

You collected 355 gold pieces.

Inventory:

Hand weapons
 a - a +1 vampiric falchion (weapon) {!w}
   (You found it on level 4 of the Dungeon)
Armour
 C - a +1 ring mail of positive energy (worn)
   (You took it off an orc on level 6 of the Dungeon)
Jewellery
 q - a ring of protection from fire (right hand) {rF+, !d}
   (You found it on level 6 of the Dungeon)
 t - a +4 ring of strength (left hand)
   (You found it on level 3 of the Dungeon)
 A - an uncursed ring of invisibility {+Inv, !d}
   (You found it on level 3 of the Dungeon)
Scrolls
 f - 8 scrolls of remove curse
 i - a scroll of fog
 n - a scroll of recharging
 o - 2 scrolls of identify
Potions
 d - a potion of cancellation
 g - a potion of magic
 j - 2 potions of degeneration {!q}
 l - 2 potions of might
 m - 2 potions of resistance
 p - 4 potions of lignification {!q}
 u - 3 potions of cure mutation {!q}
 v - 3 potions of mutation {!q}
 x - 2 potions of flight
Miscellaneous
 y - a sack of spiders {used: 2}
   (Xom gifted it to you on level 3 of the Dungeon)
Comestibles
 z - 2 meat rations {@e2}


   Skills:
 - Level 3.0(2.9) Fighting
 + Level 10.4(10.3) Long Blades
 - Level 3.5(3.4) Armour
 - Level 0.7(0.6) Dodging


You had 7 spell levels left.
You didn't know any spells.

Dungeon Overview and Level Annotations

Branches:
Dungeon (7/15)             Temple (0/1) D:5

Altars:
Elyvilon
Gozag
Xom
Yredelemnul

Shops:
D:4 %

Annotations:
D:7 Joseph


Innate Abilities, Weirdness & Mutations

You cannot wear boots.
Your serpentine skin is tough (AC +2).
You have supernaturally acute eyesight.
Armour fits poorly on your strangely shaped body.
Your system is resistant to poisons.
You cover ground very slowly.
You have a slow metabolism.
You can spit poison.
Your flesh is heat resistant.
You have an increased reservoir of magic (+10% MP).


Message History

Things that are here:
a short sword; a robe
Things that are here:
a short sword; a robe
j - 2 potions of degeneration {!q} (gained 1) Eating one of 4 chunks of flesh {@w0}.
You continue eating. x2
You swap places.
You swap places.
You swap places.
Things that are here:
a short sword; a robe You swap places.
You swap places.
You swap places.
All of the chunks of flesh in your inventory have rotted away.
You enter a teleport trap!
The teleport trap disappears.
Your surroundings suddenly seem different.
You regained 29 hp, and now have 61/69 hp.
Unknown command.
Xom notices you.
You are hit by flying rocks!
You take 12 damage, and have 49/69 hp.
You see here a steam dragon hide {rSteam}.
Found a stone staircase leading down.
You regained 13 hp, and now have 62/69 hp.
Found a stone staircase leading down.
You regained 3 hp, and now have 65/69 hp.
There is a stone staircase leading down here.
There is a stone staircase leading down here.
There is a stone staircase leading down here.
Joseph, a Mercenary comes into view.
He is wielding a quarterstaff of speed.
Joseph shouts!
Joseph unwields an uncursed quarterstaff of speed.
Joseph wields a glowing hunting sling.
It bursts into flame!
Joseph shoots a sling bullet.
The sling bullet hits you!!
A shower of butterflies erupts from you!
The sling bullet burns you.
You see here a sling bullet.
You take 18 damage, and have 47/69 hp.
MASSIVE DAMAGE!!
Okay, then.
You swap places.
Joseph shoots a sling bullet.
The sling bullet hits you.
Joseph shoots a sling bullet.
The sling bullet closely misses your butterfly.
The sling bullet closely misses you.
You see here a sling bullet.
You take 3 damage, and have 44/69 hp.
Unknown command.
You swap places.
Found a stone staircase leading up.
Unknown command.
Joseph unwields an uncursed hunting sling of flaming.
It stops flaming.
Joseph wields an uncursed quarterstaff of speed.
Joseph hits you with an uncursed quarterstaff of speed!
You take 7 damage, and have 37/69 hp.
Unknown command.
Firing (i - inventory): No suitable missiles.
Aim: Joseph, wielding a quarterstaff of speed and wearing a ring mail
Okay, then.
Aim: Joseph, wielding a quarterstaff of speed and wearing a ring mail The splash of poison misses Joseph.
You feel slightly more hungry.
You hear Xom's avuncular chuckle.
Your butterfly evaporates and reforms as a gnoll!
Joseph hits you with an uncursed quarterstaff of speed!
You take 10 damage, and have 27/69 hp.
You reach into the bag... ...and things crawl out!
Joseph hits you with an uncursed quarterstaff of speed.
You take 2 damage, and have 25/69 hp.
You slash Joseph!
Joseph hits you with an uncursed quarterstaff of speed!
* * * LOW HITPOINT WARNING * * *
You take 13 damage, and have 12/69 hp.
Unknown command.
You reach into the bag... ...and things crawl out!
Your gnoll closely misses Joseph.
Joseph hits you with an uncursed quarterstaff of speed.
* * * LOW HITPOINT WARNING * * *
You take 4 damage, and have 8/69 hp.
You swap places.
Joseph unwields an uncursed quarterstaff of speed.
Joseph wields an uncursed hunting sling of flaming.
It bursts into flame!
Joseph shoots a sling bullet.
The sling bullet hits your gnoll! The sling bullet burns your gnoll.
Your gnoll dies!
Your gnoll's corpse disappears in a puff of smoke!
Your spider bites Joseph.
Joseph is poisoned.
Your spider poisons Joseph!
Your spider barely misses Joseph. x2
Unknown command.
You swap places.
You have got your breath back.
Your spider bites Joseph.
Your spider barely misses Joseph.
Joseph shoots a sling bullet.
The sling bullet hits your spider! The sling bullet burns your spider.
Your spider bites Joseph!
Your spider closely misses Joseph.
Joseph shoots a sling bullet.
The sling bullet barely misses your spider.
The sling bullet hits you!
You die...

#..# ##.# **,,,,,,,,,** ...# ##.#
##.,,,,,,,,,* ...# ##..#
#..**,,,**,,** ...# ##..##
#..***,****,,** ..## #..## #.#*
*,* **,,**** ..# ##.## #.# *,*
**,,,,,* .## #.## #.# *,#
**,,***** ## #.# #.##**.#**,***
######.#########@s##..##.********
..............((ssbb.....,,,,,,,,
....#..##########s@.b..<#*******,
......## ###..b...** *, ##....##
*......,* *, #......### *,.#..#**
** .........###### *,,#,.#* *****
..............## #..#...****,,,,
.#.........###.## #..#...,,,,,,,,


You could see Joseph and 4 friendly spiders.

Vanquished Creatures
  A steam dragon (D:7)
  A hungry ghost (D:7)
  2 centaurs
  A boggart (D:6)
  4 giant frogs
  A scorpion (D:6)
  2 wights (D:7)
  A crimson imp (D:6)
  An orc wizard (D:4)
  2 orc priests
  A quasit (D:6)
  A hound (D:6)
  2 iguanas (D:4)
  3 worker ants
  2 hound zombies (D:6)
  3 gnolls
  10 adders
  A shadow imp (D:7)
  An adder skeleton (D:5)
  3 worms
  19 orcs
  A bat skeleton (D:4)
  12 hobgoblins
  4 quokkas
  7 bats
  5 giant cockroaches
  3 giant geckos
  6 giant newts
  9 goblins
  21 jackals
  A jackal skeleton (D:4)
  19 kobolds
  18 rats
168 creatures vanquished.

Vanquished Creatures (collateral kills)
  2 wights (D:7)
2 creatures vanquished.

Vanquished Creatures (others)
  A gnoll (D:7)
  A kobold (D:1)
2 creatures vanquished.

Grand Total: 172 creatures vanquished

Notes
Turn   | Place    | Note
--------------------------------------------------------------
     0 | D:1      | RobertPalmer the Naga Chaos Knight began the quest for the Orb.
     0 | D:1      | Reached XP level 1. HP: 21/21 MP: 1/1
   222 | D:1      | Reached XP level 2. HP: 25/28 MP: 2/2
   222 | D:1      | XOM is BORED!
   222 | D:1      | XOM: harmless Chrm miscast
   316 | D:1      | XOM: harmless Ice miscast
   589 | D:1      | XOM: silly message
   590 | D:1      | Reached skill level 4 in Long Blades
   610 | D:1      | Reached XP level 3. HP: 34/34 MP: 3/3
  1157 | D:2      | XOM: divination: detect items
  1252 | D:2      | XOM: 7-stop teleportation journey
  1266 | D:2      | Reached XP level 4. HP: 14/42 MP: 4/4
  1483 | D:2      | XOM: scenery: create altars
  1499 | D:2      | Found a white marble altar of Elyvilon.
  1539 | D:2      | XOM: 1-stop teleportation journey
  1592 | D:2      | Reached skill level 5 in Long Blades
  1838 | D:2      | Found a basalt altar of Yredelemnul.
  2686 | D:3      | XOM: summons 4 friendly demons
  2688 | D:3      | Reached XP level 5. HP: 28/49 MP: 5/5
  2745 | D:3      | XOM: harmless Trmt miscast
  2795 | D:3      | XOM: god gift: sack of spiders
  3360 | D:3      | Reached skill level 6 in Long Blades
  3507 | D:4      | XOM: confuse monster(s)
  3523 | D:4      | Reached XP level 6. HP: 43/56 MP: 6/6
  3645 | D:4      | Found an opulent altar of Gozag.
  3655 | D:4      | XOM: colour smoke trail
  3680 | D:4      | Found Dysuqefo's Food Shoppe.
  4010 | D:4      | Reached skill level 7 in Long Blades
  4326 | D:5      | Entered Level 5 of the Dungeon
  4459 | D:5      | Found a staircase to the Ecumenical Temple.
  4780 | D:5      | XOM: enchant monster (good)
  4954 | D:5      | Reached XP level 7. HP: 59/62 MP: 7/7
  4957 | D:5      | XOM: fake destruction
  4978 | D:5      | XOM: god gift: 11 silver sling bullets
  5361 | D:6      | Reached skill level 8 in Long Blades
  5448 | D:6      | XOM: chaos cloud
  5449 | D:6      | Paralysed by you for 2 turns
  5661 | D:6      | XOM: enchant monster (bad)
  5717 | D:6      | Reached skill level 9 in Long Blades
  5727 | D:6      | XOM: polymorph orc warrior -> boggart
  5732 | D:6      | Reached XP level 8. HP: 61/69 MP: 8/8
  5853 | D:6      | XOM: enchant monster (bad)
  5858 | D:6      | Reached skill level 2 in Armour
  6016 | D:6      | XOM: summons 4 hostile shadow creatures
  6206 | D:6      | XOM: noise
  6227 | D:6      | HP: 8/69 [orc warrior/battleaxe (17)]
  6515 | D:5      | XOM: medium Trmt miscast
  6560 | D:7      | XOM: swap monsters
  6563 | D:7      | XOM: cast spell 'Olgreb's Toxic Radiance'
  6564 | D:7      | XOM: polymorph goblin -> bat
  6852 | D:7      | Reached skill level 3 in Armour
  6886 | D:7      | HP: 16/69 [centaur (4)]
  7027 | D:7      | XOM: give mutations
  7027 | D:7      | Gained mutation: Your flesh is heat resistant. [Xom's grace]
  7027 | D:7      | Gained mutation: You have an increased reservoir of magic (+10% MP). [Xom's grace]
  7178 | D:7      | XOM: polymorph worker ant -> gnoll
  7183 | D:7      | XOM: polymorph gnoll -> giant cockroach
  7234 | D:7      | Reached skill level 10 in Long Blades
  7281 | D:7      | XOM: summons friendly ufetubus
  7418 | D:7      | XOM: medium Erth miscast
  7592 | D:7      | Noticed Joseph
  7592 | D:7      | XOM: butterfly on damage
  7596 | D:7      | XOM: polymorph butterfly -> gnoll
  7598 | D:7      | HP: 12/69 [Joseph/uncursed quarterstaff of speed (13)]
  7601 | D:7      | Shot with a sling bullet by Joseph

Vault maps used:
D:1:      lemuel_arrival_lava_pool, serial_bayou_pond_b
D:2:      overflow_temple_1_default, yredelemnul_altar_generic, first_bread,
          st_stairs_5
D:3:      minmay_misc_feat_roman
D:4:      nicolae_gozag_cash_rules_everything_around_me, serial_shops,
          nicolae_shop_behind_doors, minmay_misc_feat_cross
D:5:      minmay_temple_entry_glassed_door, sigmund_army
D:6:      hex_medium
D:7:      serial_glass, glass_columns_b, glass_columns_a, nicolae_sextant,
          uniq_joseph

Action                   |  1- 3 |  4- 6 |  7- 9 || total
-------------------------+-------+-------+-------++-------
Melee: Falchion          |    97 |   303 |   260 ||   660
 Abil: Spit Poison       |     3 |    25 |    18 ||    46
Evoke: Sack of spiders   |       |       |     2 ||     2
  Use: Potion            |     1 |       |     7 ||     8
       Scroll            |     7 |     8 |     9 ||    24
 Stab: Petrifying        |     1 |       |       ||     1
       Paralysed         |       |     2 |       ||     2
       Petrified         |       |     1 |       ||     1
  Eat: Chunk             |     1 |     6 |     5 ||    12
       Royal jelly       |       |     1 |       ||     1
       Bread ration      |       |     2 |     1 ||     3

Vault maps used:
D:1:      lemuel_arrival_lava_pool, serial_bayou_pond_b
D:2:      overflow_temple_1_default, yredelemnul_altar_generic, first_bread,
          st_stairs_5
D:3:      minmay_misc_feat_roman
D:4:      nicolae_gozag_cash_rules_everything_around_me, serial_shops,
          nicolae_shop_behind_doors, minmay_misc_feat_cross
D:5:      minmay_temple_entry_glassed_door, sigmund_army
D:6:      hex_medium
D:7:      serial_glass, glass_columns_b, glass_columns_a, nicolae_sextant,
          uniq_joseph

Table legend:
 A = Turns spent in this place as a percentage of turns spent in the entire game.
 B = Non-inter-level travel turns spent in this place as a percentage of non-inter-level travel turns spent in the entire game.
 C = Inter-level travel turns spent in this place as a percentage of turns spent in this place.
 D = Turns resting spent in this place as a percentage of non-inter-level travel turns spent in this place.
 E = Turns spent auto-exploring this place as a percentage of non-inter-level travel turns spent in this place.
 F = Non-inter-level travel turns spent in this place divided by the number of levels of this place that you've seen.
                   A       B       C       D       E      F
               +-------+-------+-------+-------+-------+----------------------
         Total | 100.0 | 100.0 |   0.6 |   2.9 |  11.0 | 298.3
       Dungeon | 100.0 | 100.0 |   0.6 |   2.9 |  11.0 | 298.3
               +-------+-------+-------+-------+-------+----------------------

Table legend:
 A = Kills in this place as a percentage of kills in entire the game.
 B = Kills by you in this place as a percentage of kills by you in the entire game.
 C = Kills by friends in this place as a percentage of kills by friends in the entire game.
 D = Other kills in this place as a percentage of other kills in the entire game.
 E = Experience gained in this place as a percentage of experience gained in the entire game.
 F = Experience gained in this place divided by the number of levels of this place that you have seen.
                   A       B       C       D       E      F
               +-------+-------+-------+-------+-------+----------------------
         Total | 100.0 | 100.0 | 100.0 | 100.0 | 100.0 | 309.7
       Dungeon | 100.0 | 100.0 | 100.0 | 100.0 | 100.0 | 309.7
               +-------+-------+-------+-------+-------+----------------------
